 Dungeon Crawl Stone Soup version 0.29.0-4-gdea44cf6ec (webtiles) character file.

Game seed: 5825185997612254919

39 Shayle the Sneak (level 3, -1/22 HPs)
             Began as a Tengu Brigand on Aug 28, 2022.
             Slain by a gnoll
             ... wielding a +0 spear
              (4 damage)
             ... on level 2 of the Dungeon.
             The game lasted 00:02:37 (1701 turns).

Shayle the Sneak (Tengu Brigand)                    Turns: 1701, Time: 00:02:38

Health: -1/22      AC:  6    Str: 11    XL:     3   Next: 47%
Magic:  5/5        EV: 10    Int: 13    God:
Gold:   83         SH:  0    Dex: 15    Spells: 4/4 levels left

rFire   . . .      SeeInvis .   f - +0 war axe
rCold   . . .      Faith    .   (no shield)
rNeg    . . .      Spirit   .   h - +0 ring mail
rPois   .          Reflect  .   (helmet restricted)
rElec   .          Harm     .   c - +0 cloak
rCorr   .          Rampage  .   (no gloves)
Will    .....                   (boots unavailable)
Stlth   ++........              (no amulet)
HPRegen 0.07/turn               (no ring)
MPRegen 0.09/turn               (no ring)

@: attractive
A: beak, talons 3
a: no special abilities


You were on level 2 of the Dungeon.
You visited 1 branch of the dungeon, and saw 2 of its levels.

You collected 83 gold pieces.

Inventory:

Hand Weapons
 a - a +2 dagger
 f - a +0 war axe (weapon)
Missiles
 d - 9 poisoned darts (quivered)
 e - 3 curare-tipped darts
Armour
 b - a +0 robe
 c - a +0 cloak (worn)
 h - a +0 ring mail (worn)
Scrolls
 i - a scroll of identify {unknown}
 j - a scroll of immolation {unknown}
 k - a scroll of poison {unknown}


   Skills:
 + Level 2.4 Fighting
 - Level 2.1 Short Blades
 + Level 1.1 Axes
 - Level 2.0 Throwing
 + Level 1.8 Dodging
 + Level 4.3 Stealth
 + Level 1.0 Spellcasting


You had 4 spell levels left.
You didn't know any spells.
Your spell library contained the following spells:

 Spells                   Type           Power      Damage    Failure   Level
 Static Discharge         Conj/Air       0%         3-3/arc   71%         2
 Lightning Bolt           Conj/Air       0%         1d11      100%        5
 Maxwell's Capacitive Co  Air            0%         ∞         100%        8


Dungeon Overview and Level Annotations

Branches:
Dungeon (2/15)

Altars:


Innate Abilities, Weirdness & Mutations

You have a beak for a mouth.
You have claws for feet.


Message History

A gnoll and 2 bats come into view.
Found a scroll labelled OCOPEMNANKO and 8 gold pieces.
The gnoll shouts!
You hear a shout!
The bat moves out of view.
A bat comes into view.
The gnoll hits you from afar with a +0 spear.
The giant cockroach bites you but does no damage.
You hit the giant cockroach.
You kill the giant cockroach!
A kobold comes into view. It is wielding a +0 short sword.
The gnoll barely misses you.
Your Spellcasting skill increases to level 1!
The gnoll hits you with a +0 spear.
You hit the gnoll but do no damage. Your peck misses the gnoll.
The kobold throws a stone.
The stone misses you. The gnoll hits you with a +0 spear.
The gnoll closely misses you.
You hit the gnoll but do no damage. Your kick misses the gnoll.
You closely miss the kobold. The kobold hits you but does no damage.
The gnoll completely misses you.
Unknown command.
It was a potion of attraction.
You feel attractive to monsters. The kobold barely misses you.
The gnoll hits you with a +0 spear.
* * * LOW HITPOINT WARNING * * *
You barely miss the gnoll. You peck the gnoll.
The gnoll is lightly wounded.
You barely miss the kobold. The kobold completely misses you.
The gnoll hits you with a +0 spear.
* * * LOW HITPOINT WARNING * * *
The kobold hits you but does no damage. The gnoll hits you with a +0 spear.
* * * LOW HITPOINT WARNING * * *
Okay, then.
Okay, then.
You aren't carrying any potions.
Unknown command.
You hit the gnoll. Your kick misses the gnoll. Your peck misses the gnoll.
The gnoll is heavily wounded.
You hit the kobold. The kobold completely misses you.
The gnoll hits you with a +0 spear.
You die...

# #########
#.#...#.#.#
.###+##
#.K...#.##
......#
#..#@#..#.#
......# #..
#g##..##
......#####..
bbb##..#
.........##.#
..$..##.#
.......#
#..##...##..#
.......#
#..##.##..##
.......#
#..###..#.#
##<###.#
#..#..#.##
##.#
#...#.#.#


You could see a gnoll, 3 bats and a kobold.

Vanquished Creatures
  A dart slug (D:1)
  An endoplasm (D:1)
  3 giant cockroaches
  5 goblins (D:1)
  3 hobgoblins (D:1)
  A jackal (D:1)
  2 kobolds (D:1)
  6 quokkas (D:1)
  4 ball pythons (D:1)
  2 bats
  2 frilled lizards (D:1)
  3 rats
33 creatures vanquished.

Vanquished Creatures (others)
  4 plants (D:1)
4 creatures vanquished.

Grand Total: 37 creatures vanquished

Notes
Turn   | Place    | Note
-------+----------+-------------------------------------------
     0 | D:1      | Shayle the Tengu Brigand began the quest for the Orb.
     0 | D:1      | Reached XP level 1. HP: 12/12 MP: 2/2
     6 | D:1      | Noticed a polar bear
     6 | D:1      | Noticed a snapping turtle
     7 | D:1      | Noticed a hog
     7 | D:1      | Noticed a lindwurm
   258 | D:1      | Reached XP level 2. HP: 6/17 MP: 3/3
   552 | D:1      | Found a faded altar of an unknown god.
   890 | D:1      | Reached XP level 3. HP: 21/21 MP: 5/5
  1115 | D:1      | Reached skill level 1 in Axes
  1696 | D:2      | Reached skill level 1 in Spellcasting
  1701 | D:2      | Slain by a gnoll

Illustrated notes

Levels and vault maps discovered:
D:1:      onia_arrival_zoo_common, layout_loops_corners,
          shapermc_ecumenical_altar_starsandcircs, serial_bayou_lagoon_a,
          minmay_cut_off
D:2:      minmay_diamond_boxcup, layout_basic, uniq_terence,
          uniq_crazy_yiuf_cottage

Skill      XL: |  1  2  3 |
---------------+----------+-----
Axes           | 1 |  1.1
Spellcasting   | 1 |  1.0
Fighting       | |  2.4
Short Blades   | |  2.1
Throwing       | |  2.0
Dodging        | |  1.8
Stealth        | |  4.3

Action                   || total
-------------------------++-------
Melee: War axe           ||    56
       Dagger            ||     3
       Kick              ||    13
       Peck              ||     4
  Use: Potion            ||     1
 Stab: Sleeping          ||    11
Armor: Robe              ||     2
       Ring mail         ||    19
Dodge: Dodged            ||    31
